 Dungeon Crawl Stone Soup version 0.30.1-8-g117510f58f (webtiles) character file.

Game seed: 3849273334969962224

18810 Cheops the Summoner (level 12, -15/81 HPs)
             Began as a Red Draconian Summoner on Sept 23, 2023.
             Was a High Priest of the Shining One.
             Shot with an arrow by a centaur warrior (31 damage)
             ... on level 12 of the Dungeon.
             The game lasted 01:08:37 (18523 turns).

Cheops the Summoner (Red Draconian Summoner)       Turns: 18523, Time: 01:08:38

Health: -15/81     AC:  8    Str: 10    XL:     12   Next: 31%
Magic:  28/28      EV: 12    Int: 20    God:    the Shining One [*****.]
Gold:   216        SH:  5    Dex: 13    Spells: 1/21 levels left

rFire   + . .        a - +6 glaive (spect)
rCold   . . .        (shield currently unavailable)
rNeg    + + .        (body armour unavailable)
rPois   +            (helmet restricted)
rElec   .            (no cloak)
rCorr   .            (no gloves)
SInv    .            (no boots)
Will    .....        u - amulet of reflection
Stlth   +            K - ring of poison resistance
HPRegen 0.33/turn    A - ring of magical power
MPRegen 0.21/turn

%: reflection
@: glowing, unable to drink
A: breathe fire, AC +8, unfitting armour, fire resistance 1, cold-blooded,
subdued magic 1, inability to drink after injury 1
a: Breathe Fire, Renounce Religion, Divine Shield, Cleansing Flame, Summon
Divine Warrior


You were on level 12 of the Dungeon.
You worshipped the Shining One.
The Shining One was extremely pleased with you.
You visited 1 branch of the dungeon, and saw 12 of its levels.
You also visited: Bailey.

You collected 748 gold pieces.
You spent 532 gold pieces at shops.

Inventory:

Hand Weapons
 a - a +6 spectral glaive (weapon)
 b - a +0 spectral halberd
 c - a +5 hand axe
 d - a +0 spear of venom
 e - a +4 antimagic war axe
Armour
 l - a +0 kite shield
Jewellery
 q - a ring of fire
 s - an amulet of regeneration
 u - an amulet of reflection (around neck)
 y - a ring of see invisible
 A - a ring of magical power (right hand)
 I - a ring of ice
 K - a ring of poison resistance (left hand)
Wands
 k - a wand of paralysis (8)
 m - a wand of iceblast (6)
 x - a wand of flame (42)
 E - a wand of acid (4)
Scrolls
 f - 2 scrolls of teleportation
 g - a scroll of silence
 j - a scroll of poison
 o - a scroll of acquirement
 p - 4 scrolls of amnesia
 t - 4 scrolls of vulnerability
 v - a scroll of identify
 z - 3 scrolls of fog
 B - 2 scrolls of magic mapping
 F - a scroll of summoning
Potions
 h - a potion of might
 i - 4 potions of curing
 n - 3 potions of haste
 r - 2 potions of magic
 w - a potion of flight
 D - a potion of brilliance {unknown}
 G - a potion of resistance {unknown}
 H - 2 potions of heal wounds {unknown}
 J - a potion of lignification {unknown}
 L - a potion of cancellation {unknown}


   Skills:
 - Level 12.0 Polearms
 - Level 1.7 Dodging
 - Level 1.7 Stealth
 - Level 5.0 Spellcasting
 * Level 5.9 Hexes
 - Level 13.0 Summonings
 - Level 4.0 Ice Magic
 - Level 5.0 Air Magic
 - Level 2.0 Evocations


You had one spell level left.
You knew the following spells:

 Your Spells              Type           Power      Damage    Failure   Level
C - Call Canine Familiar  Summ           44%        N/A       1%          3
G - Summon Guardian Gole  Hex/Summ       33%        N/A       1%          3
I - Summon Ice Beast      Ice/Summ       30%        N/A       2%          4
L - Summon Lightning Spi  Summ/Air       31%        N/A       1%          4
M - Summon Small Mammal   Summ           100%       N/A       1%          1
V - Summon Mana Viper     Hex/Summ       33%        N/A       4%          5

Your spell library contained the following spells:

 Spells                   Type           Power      Damage    Failure   Level
 Apportation              Tloc           6%         N/A       10%         1
 Magic Dart               Conj           12%        1d3       10%         1
 Necrotise                Necr           12%        1d4       10%         1
 Call Imp                 Summ           88%        N/A       1%          2
 Tukima's Dance           Hex            22%        N/A       2%          3
 Cigotuvi's Dreadful Rot  Necr/Pois/Air  16%        N/A       7%          2
 Cause Fear               Hex            11%        N/A       8%          4
 Blink                    Tloc           6%         N/A       14%         2
 Lesser Beckoning         Tloc           6%         N/A       14%         2
 Mephitic Cloud           Conj/Pois/Air  8%         N/A       16%         3
 Gell's Gravitas          Tloc           3%         N/A       30%         3
 Teleport Other           Tloc           3%         N/A       30%         3
 Anguish                  Hex/Necr       6%         N/A       30%         4
 Monstrous Menagerie      Summ           22%        N/A       38%         7
 Yara's Violent Unravell  Hex/Tmut       6%         3d5       63%         5
 Dispel Undead            Necr           3%         3d7       71%         4
 Manifold Assault         Tloc           3%         N/A       71%         4
 Passage of Golubria      Tloc           3%         N/A       71%         4
 Blade Hands              Tmut           1%         N/A       96%         5
 Death Channel            Necr           1%         N/A       100%        6
 Iron Shot                Conj/Erth      1%         9d1       100%        6
 Dragon Form              Tmut           1%         N/A       100%        7
 Enfeeble                 Hex            11%        N/A       100%        7
 Storm Form               Tmut/Air       5%         N/A       100%        7
 Dragon's Call            Summ           22%        N/A       100%        9
 Animate Armour           Summ/Erth      Unusable   N/A       N/A         4

Dungeon Overview and Level Annotations

Branches:
Dungeon (12/15)            Temple (0/1) D:7            Lair (0/5) D:10
    Orc (0/2) D:10         Bailey (visited)

Altars:
Dithmenos
Elyvilon
Fedhas
Gozag
Kikubaaqudgha
Okawaru
Qazlal
Ru
Sif Muna
Trog
Vehumet
Wu Jian
Zin
The Shining One

Shops:
D:10 :

Portals:
Trove: D:11 (give 17 scrolls of teleportation)

Annotations:
D:6 3 runed translucent doors, find stairs, Lenny's ghost, weakling MiMo


Innate Abilities, Weirdness & Mutations

You can breathe blasts of fire.
Your fiery red scales are hard. (AC +8)
You cannot fit into any form of body armour.
Your flesh is heat resistant. (rF+)
You are cold-blooded and may be slowed by cold attacks.
Your spells are a little easier to cast, but a little less powerful.
You occasionally lose the ability to drink potions when taking damage.


Message History

You hit the manticore but do no damage.
The manticore is severely wounded.
Your +6 spectral glaive hits the manticore from afar!
The manticore closely misses you. The manticore claws you.
The manticore closely misses you.
Your +6 spectral glaive disappears.
Your wolf bites the manticore.
You block the manticore's attack. The manticore claws you!
The manticore barely misses you.
You slash the manticore!
You kill the manticore!
HP restored.
You swap places.
v - a scroll of identify You swap places.
Your wolf disappears in a puff of smoke!
Found an escape hatch in the ceiling.
You now have 216 gold pieces (gained 4).
A shadow dragon, a centaur warrior and a deep elf pyromancer come into view.
The centaur warrior shouts!
The deep elf pyromancer shouts!
You hear a shout! x2
The centaur warrior unwields a +0 trident.
The centaur warrior wields a +0 longbow.
The centaur warrior shoots an arrow.
The arrow hits you!!
You hear a roar!
There are monsters nearby!
There are monsters nearby!
There are monsters nearby!
You hear a roar!
You hear a bellow!
A slime creature comes into view.
The centaur warrior shoots an arrow.
The arrow hits you!!
* * * LOW HITPOINT WARNING * * *
The centaur warrior shoots an arrow.
The arrow closely misses you.
The centaur warrior shoots an arrow.
The arrow barely misses you.
The centaur warrior shoots an arrow.
You block the arrow with an invisible shield... and reflect it back!
The arrow barely misses the centaur warrior.
The centaur warrior shoots an arrow.
The arrow hits you!
You feel threatened and lose the ability to drink potions!
* * * LOW HITPOINT WARNING * * *
The centaur warrior shoots an arrow.
The arrow hits you!!
You die...

#.####.# ##.#♣...♣# ##.##...#
#.#.♣♣♣.# ...)..### #.#.♣ ♣.#
##.##.# #.#.♣♣♣.# #.##.## #####
#.#♣...♣# ## ##.#...####...#
#.#♣...♣# .♣
#.............#######(#.♣♣♣.♣♣♣.♣
#..#...##.......#.....c.♣ ♣....♣.
#..##...........@.###.#.♣♣♣.♣♣♣.♣
#.[##.###.......### #.#♣...♣# ♣.♣
#..##...###...### #.#♣...♣ ###
#..####.# #...# #.#.♣♣♣.# #...#
#.# ##..# ##.#. .# #.#.# #^# #..#
##..#J .# #.#.# #.# #..#####...#♣
♣# #.#.###.####..........#######
#.............###...........#


You could see a centaur warrior.

Vanquished Creatures
  A vault guard (Bailey)
  A boulder beetle (D:8)
  A manticore (D:12)
  An unseen horror (D:10)
  A komodo dragon (D:11)
  2 unseen horror zombies (D:9)
  2 trolls
  A hornet (D:8)
  4 slime creatures (D:12)
  A wraith (D:11)
  A basilisk (D:10)
  A shadow (D:10)
  A wyvern (D:10)
  A human (Bailey)
  A steam dragon (D:9)
  A vampire mosquito (D:9)
  3 water moccasins
  An orc warrior (D:10)
  A black bear (D:10)
  An ogre (D:5)
  7 centaurs
  2 wolves
  A phantom (D:5)
  8 bullfrogs
  5 scorpions
  5 wights
  8 killer bees
  3 howler monkeys
  An electric eel (D:12)
  A human zombie (D:9)
  2 jellies
  5 orc priests
  2 hounds (D:5)
  2 sleepcaps
  3 iguanas
  4 orc wizards
  A killer bee zombie (D:9)
  2 mummies (D:9)
  8 gnolls
  5 adders
  2 shadow imps (D:7)
  2 white imps (D:7)
  2 ufetubi
  2 worms
  4 dart slugs
  29 orcs
  3 endoplasms (D:2)
  2 giant cockroaches (D:4)
  6 goblins
  8 hobgoblins
  8 jackals
  4 quokkas
  5 ball pythons
  3 bats
  2 frilled lizards
  2 kobolds
  2 rats
188 creatures vanquished.

Vanquished Creatures (collateral kills)
  A centaur warrior (D:12)
  A vault guard (Bailey)
  Erica (D:10)
  A two-headed ogre (D:12)
  3 boulder beetles (D:12)
  A cyclops (D:12)
  2 unseen horror zombies (D:9)
  A troll (D:11)
  Prince Ribbit (Bailey)
  4 slime creatures
  A wraith (D:10)
  2 humans (Bailey)
  A wyvern (D:10)
  A basilisk (D:11)
  Grum (D:9)
  A vampire mosquito (D:11)
  An acid dragon (D:9)
  4 water moccasins
  3 black bears (D:10)
  A hornet zombie (D:9)
  An orc warrior (D:9)
  A sky beast (D:6)
  3 wolves
  A centaur (D:11)
  A phantom (D:5)
  3 bullfrogs
  Dowan (D:5)
  8 wights
  2 howler monkeys
  An electric eel (D:12)
  2 jellies (D:6)
  2 orc priests
  A gnoll bouda (D:7)
  6 orc wizards
  2 sleepcaps (D:6)
  5 gnolls
  3 adders
  15 orcs
  An endoplasm (D:2)
  4 goblins
  A hobgoblin (D:2)
  A quokka (D:5)
  A kobold (D:2)
98 creatures vanquished.

Vanquished Creatures (others)
  A troll (D:9)
  Duvessa (D:5)
  An ogre (D:6)
  An orc priest (D:5)
  An orc wizard (D:9)
  An orc (D:5)
  2 spectral weapons (D:11)
8 creatures vanquished.

Grand Total: 294 creatures vanquished

Notes
Turn   | Place    | Note
-------+----------+-------------------------------------------
     0 | D:1      | Cheops the Draconian Summoner began the quest for the Orb.
     0 | D:1      | Reached XP level 1. HP: 14/14 MP: 3/3
   519 | D:1      | Reached XP level 2. HP: 15/20 MP: 3/5
  1109 | D:2      | Learned a level 2 spell: Call Imp
  1454 | D:2      | Reached XP level 3. HP: 26/26 MP: 4/7
  1458 | D:2      | Learned a level 3 spell: Call Canine Familiar
  2325 | D:3      | Reached skill level 1 in Evocations
  2325 | D:3      | Reached XP level 4. HP: 22/33 MP: 3/8
  2530 | D:3      | Found a white marble altar of Elyvilon.
  2530 | D:3      | Found a glowing golden altar of the Shining One.
  2537 | D:3      | Found a shadowy altar of Dithmenos.
  2542 | D:3      | Found a faded altar of an unknown god.
  2544 | D:3      | Found a shimmering blue altar of Sif Muna.
  2577 | D:3      | Learned a level 3 spell: Summon Guardian Golem
  2708 | D:3      | Found an iron altar of Okawaru.
  2833 | D:3      | Found a stormy altar of Qazlal.
  3216 | D:3      | Reached skill level 5 in Summonings
  3283 | D:3      | Became a worshipper of the Shining One
  3361 | D:3      | Found an opulent altar of Gozag.
  3361 | D:3      | Found a glowing silver altar of Zin.
  3659 | D:4      | Reached skill level 1 in Polearms
  3672 | D:4      | Noticed a scorpion
  3686 | D:4      | Killed a scorpion
  3687 | D:4      | Reached XP level 5. HP: 36/38 MP: 6/9
  3896 | D:4      | Reached XP level 6. HP: 40/45 MP: 6/10
  3952 | D:4      | Reached skill level 6 in Summonings
  4448 | D:4      | Learned a level 4 spell: Summon Lightning Spire
  4482 | D:5      | Entered Level 5 of the Dungeon
  4734 | D:5      | Your scales start taking on a fiery red colour.
  4734 | D:5      | Reached XP level 7. HP: 30/50 MP: 8/11
  4734 | D:5      | Gained mutation: Your flesh is heat resistant. (rF+) [Red
                  | Draconian growth]
  4893 | D:5      | Reached skill level 7 in Summonings
  4969 | D:5      | Identified the +9 tower shield of the Chupacabra {rN+ Int-2
                  | Dex+3}
  5012 | D:5      | Noticed Dowan
  5013 | D:5      | Noticed Duvessa
  5013 | D:5      | Reached * piety under the Shining One
  5027 | D:5      | Killed Dowan
  5028 | D:5      | Reached skill level 1 in Air Magic
  5035 | D:5      | Killed Duvessa
  5645 | D:5      | Reached XP level 8. HP: 57/57 MP: 8/12
  5657 | D:5      | Reached skill level 5 in Polearms
  5872 | D:6      | Identified a scroll of acquirement
  5907 | D:6      | Found a runed translucent gate.
  5908 | D:6      | Found a runed translucent gate.
  5908 | D:6      | Found a runed translucent gate.
  5908 | D:6      | Noticed a manticore
  5908 | D:6      | Noticed Lenny's ghost (weakling MiMo)
  5909 | D:6      | Noticed a troll
  6066 | D:6      | Reached skill level 5 in Air Magic
  6886 | D:6      | Found a sacrificial altar of Ru.
  6886 | D:6      | Found a blossoming altar of Fedhas.
  7293 | D:7      | Reached XP level 9. HP: 58/62 MP: 14/14
  7568 | D:7      | Reached ** piety under the Shining One
  7689 | D:7      | Found a staircase to the Ecumenical Temple.
  7712 | D:7      | Reached skill level 5 in Spellcasting
  8360 | D:6      | Found a bloodstained altar of Trog.
  8437 | D:8      | Found a radiant altar of Vehumet.
  8571 | D:8      | Found a flagged portal.
  8615 | Bailey   | Entered a bailey
  8665 | Bailey   | Reached skill level 8 in Summonings
  8938 | Bailey   | Noticed Prince Ribbit
  8938 | Bailey   | Noticed a vault guard
  8966 | Bailey   | Killed Prince Ribbit
  8985 | Bailey   | Killed a vault guard
  8986 | Bailey   | Reached skill level 9 in Summonings
  8986 | Bailey   | Reached XP level 10. HP: 34/69 MP: 14/17
  9169 | Bailey   | Noticed a vault guard
  9199 | Bailey   | Killed a vault guard
  9476 | D:8      | Reached skill level 10 in Summonings
 10171 | D:8      | Found an ornate altar of the Wu Jian Council.
 10187 | D:8      | Found a transporter.
 10187 | D:8      | Found a transporter.
 10187 | D:8      | Noticed a boulder beetle
 10295 | D:8      | Killed a boulder beetle
 10480 | D:9      | Reached skill level 10 in Polearms
 10710 | D:9      | Reached skill level 11 in Summonings
 11021 | D:9      | Noticed Grum
 11038 | D:9      | Killed Grum
 11335 | D:9      | Reached *** piety under the Shining One
 11502 | D:9      | Reached XP level 11. HP: 59/74 MP: 18/18
 11518 | D:9      | Found an ancient bone altar of Kikubaaqudgha.
 11695 | D:10     | Entered Level 10 of the Dungeon
 12026 | D:9      | Reached skill level 12 in Summonings
 12485 | D:9      | Found an ancient bone altar of Kikubaaqudgha.
 12607 | D:10     | Reached **** piety under the Shining One
 12814 | D:10     | Found a staircase to the Lair.
 13015 | D:10     | Found a staircase to the Orcish Mines.
 13041 | D:10     | Noticed Erica
 13053 | D:10     | Killed Erica
 13054 | D:10     | Reached skill level 13 in Summonings
 13308 | D:10     | Found Hil Nytu's Book Shoppe.
 13314 | D:10     | Bought a book of Beasts for 532 gold pieces
 13319 | D:10     | Learned a level 4 spell: Summon Ice Beast
 13483 | D:10     | Reached skill level 1 in Ice Magic
 13750 | D:10     | Learned a level 5 spell: Summon Mana Viper
 14763 | D:11     | Found a stormy altar of Qazlal.
 15412 | D:11     | Reached ***** piety under the Shining One
 15520 | D:11     | Found a portal to a secret trove of treasure.
 15976 | D:12     | Noticed a centaur warrior
 15986 | D:12     | HP: 3/74 [centaur warrior/+0 longbow (8)]
 15988 | D:12     | Killed a centaur warrior
 16291 | D:12     | Noticed a boulder beetle
 16548 | D:12     | Killed a boulder beetle
 16549 | D:12     | Reached skill level 1 in Hexes
 16928 | D:12     | Noticed a two-headed ogre
 16928 | D:12     | Noticed a two-headed ogre
 16928 | D:12     | Noticed a boulder beetle
 16938 | D:11     | Gained mutation: Your spells are a little easier to cast,
                  | but a little less powerful. [potion of mutation]
 16938 | D:11     | Gained mutation: You occasionally lose the ability to drink
                  | potions when taking damage. [potion of mutation]
 17051 | D:11     | Reached XP level 12. HP: 37/81 MP: 19/19
 17659 | D:11     | Found a portal to a secret trove of treasure.
 17734 | D:11     | Found a stormy altar of Qazlal.
 18212 | D:12     | Noticed a boulder beetle
 18247 | D:12     | Noticed a two-headed ogre
 18254 | D:12     | Killed a boulder beetle
 18259 | D:12     | Killed a two-headed ogre
 18260 | D:12     | Reached skill level 5 in Hexes
 18263 | D:12     | Killed a boulder beetle
 18508 | D:12     | Noticed a shadow dragon
 18508 | D:12     | Noticed a centaur warrior
 18523 | D:12     | Shot with an arrow by a centaur warrior

Illustrated notes

Levels and vault maps discovered:
D:1:      matt_arrival_grand_opening, layout_loops_corners,
          minmay_misc_feat_ornament, minmay_3d_cube
D:2:      layout_basic, serial_corexii_hall, corexii_hall_statues_l,
          corexii_hall_statues_l, corexii_hall_statues_l,
          chequers_hall_statues_y, minmay_domino_4
D:3:      layout_basic, grunt_temple_overflow_gold_and_silver,
          mainiacjoe_overflow_tiny_flanked, okawaru_metal_pillars_1_2,
          chequers_temple_overflow_minitemple, nrook_loot_triangle,
          kennysheep_generic_room_15
D:4:      layout_basic, minivault_24
D:5:      minmay_razor_zed, layout_rooms, serial_aquarium,
          aquarium_bridge_straight [aquarium_subvault_bridge,
          aquarium_subvault_wall, aquarium_subvault_bridge,
          aquarium_subvault_wall], aquarium_window_1, aquarium_window_1,
          aquarium_view_2d, aquarium_view_2g, aquarium_balcony_5b, uniq_duvessa
D:6:      layout_basic, nicolae_overflow_hidden_temple, gammafunk_ghost_split,
          kennysheep_generic_room_12
D:7:      layout_basic, temple_doors_cd, abandoned_shop
D:8:      gammafunk_boulding_lane, layout_loops_ring, nzn_wu_jian_council_hall,
          lemuel_doored_altar, enter_bailey_7, st_stairs_7
D:9:      layout_gridville, lemuel_mausoleum_altar_kikubaaqudgha, uniq_grum
D:10:     layout_basic, minmay_lair_entry_grove, david_orc_3, serial_shops,
          shop, nicolae_fountain_basement, uniq_erica
D:11:     layout_loops_corners, trove_entry_hex_spiral,
          nicolae_qazlal_style_of_elements
D:12:     nzn_winding_woodlands_stair_cross
          [nzn_winding_woodlands_5x15_river_crossing,
          nzn_winding_woodlands_center_pierced_h,
          nzn_winding_woodlands_5x15_concentric,
          nzn_winding_woodlands_hourglass, nzn_winding_woodlands_5x5_cross,
          nzn_winding_woodlands_5x15_sidewinder,
          nzn_winding_woodlands_center_garden,
          nzn_winding_woodlands_5x15_zeroes], layout_loops_ring,
          eino_tiny_chamber, minmay_crystal_water

Skill      XL: |  1  2  3  4  5  6  7  8  9 10 11 12 |
---------------+-------------------------------------+-----
Spellcasting   | 3 5 |  5.0
Evocations     | 1 2 |  2.0
Summonings     | 5 6 7 9 11 13 | 13.0
Polearms       | 2 3 4 7 9 10 12 | 12.0
Air Magic      | 3 5 |  5.0
Ice Magic      | 4 |  4.0
Hexes          | 2 5 |  5.9
Dodging        | |  1.7
Stealth        | |  1.7

Action                     |  1- 3 |  4- 6 |  7- 9 | 10-12 || total
---------------------------+-------+-------+-------+-------++-------
  Melee: Dagger            |    95 |    20 |       |       ||   115
         Unarmed           |     2 |       |       |       ||     2
         Tailslap          |     7 |    21 |    52 |    55 ||   135
         Punch             |     1 |       |     2 |     2 ||     5
         Spear             |       |   141 |   299 |    96 ||   536
         Halberd           |       |       |       |    41 ||    41
         Glaive            |       |       |       |   111 ||   111
   Cast: Summon Small Mamm |     8 |       |       |       ||     8
         Call Imp          |     3 |     2 |       |       ||     5
         Call Canine Famil |     1 |     9 |    30 |    39 ||    79
         Summon Guardian G |       |     3 |    13 |    13 ||    29
         Summon Lightning  |       |       |    11 |    28 ||    39
         Summon Ice Beast  |       |       |       |    10 ||    10
         Summon Mana Viper |       |       |       |     2 ||     2
    Use: Scroll            |     1 |     2 |     7 |    17 ||    27
         Potion            |       |       |       |     5 ||     5
   Stab: Sleeping          |     2 |     1 |       |       ||     3
         Distracted        |       |     2 |       |       ||     2
 Armour: Skin              |    28 |    28 |    43 |    65 ||   164
  Dodge: Dodged            |    69 |    80 |   109 |   124 ||   382
  Block: Other             |       |    15 |    41 |    56 ||   112
         Reflection        |       |       |     3 |     3 ||     6
